 Dungeon Crawl Stone Soup version 0.21-a0-404-g291f19a (webtiles) character file.

80 IceWhale the Skirmisher (level 4, 36/36 HPs)
             Began as a Demonspawn Chaos Knight on Oct 29, 2017.
             Quit the game on level 3 of the Dungeon.
             The game lasted 00:10:20 (3958 turns).

IceWhale the Skirmisher (Demonspawn Chaos Knight)   Turns: 3958, Time: 00:10:21

Health: 36/36      AC:  6    Str: 13    XL:     4   Next: 18%
Magic:  4/4        EV: 11    Int: 14    God:    Xom [..*...]
Gold:   118        SH:  0    Dex: 10    Spells: 3/3 levels left

rFire    + . .     SeeInvis .   a - +0 falchion (chaos)
rCold    . . .     Gourm    .   (no shield)
rNeg     . . .     Faith    .   b - +2 leather armour
rPois    +         Spirit   .   o - +0 hat
rElec    .         Reflect  .   (no cloak)
rCorr    .         Harm     .   q - +0 pair of gloves
MR       .....                  (no boots)
Stlth    +.........             (no amulet)
HPRegen  0.12/turn              l - ring of poison resistance
MPRegen  0.09/turn              (no ring)

@: starving, drained
A: antennae 2, clumsy 1, fire resistance 1
a: Renounce Religion


You were on level 3 of the Dungeon.
You worshipped Xom.
You were a toy of Xom.
You were starving.

You visited 1 branch of the dungeon, and saw 3 of its levels.

You collected 118 gold pieces.

Inventory:

Hand Weapons
 a - a +0 falchion of chaos (weapon)
Armour
 b - a +2 leather armour (worn)
 o - a +0 hat (worn)
 q - a +0 pair of gloves (worn)
Jewellery
 g - an uncursed ring of magical power
 j - an uncursed ring of fire
 l - a ring of poison resistance (left hand)
Scrolls
 d - a scroll of immolation {unknown}
 f - a scroll of enchant weapon {unknown}
 i - a scroll of enchant armour {unknown}
 k - a scroll of random uselessness {unknown}
 n - a scroll of fog {unknown}
Potions
 e - a potion of ambrosia {unknown}
 h - a potion of brilliance {unknown}
 m - 2 potions of agility {unknown}
 p - a potion of haste {unknown}
 r - a potion of invisibility {unknown}
Comestibles
 c - 2 bread rations


   Skills:
 + Level 3.6(2.5) Fighting
 + Level 3.6(2.5) Long Blades
 + Level 2.3(1.2) Armour
 + Level 1.3(0.2) Dodging
 + Level 0.3(0.0) Stealth


You had 3 spell levels left.
You didn't know any spells.

Dungeon Overview and Level Annotations

Branches:
Dungeon (3/15)

Altars:


Innate Abilities, Weirdness & Mutations

You have a pair of antennae on your head.
You are clumsy. (Dex -2)
Your flesh is heat resistant. (rF+)


Message History

You start waiting.
You start waiting.
You are feeling very hungry.
You start waiting. "This place needs a little more atmosphere."
You start waiting.
Your trail of clouds dissipates.
You start waiting.
You are near starving!
You start waiting.
Done waiting.
You start waiting.
You are starving!
You're too hungry to rest.
You're too hungry to rest.
You're too hungry to rest.
You're too hungry to rest.
You're too hungry to rest.
You're too hungry to rest.
Are you sure you want to abandon this character and quit the game? (Confirm with "yes".)

######## #.. >.#
##.####.#
#.@.....####
#..#.......#
#..#.#..##.#
#..#....##.# .
#$.#.......# ...
##.#..#..[.#....[
###.............
#...#...####..
##..#.##....


There were no monsters in sight!

Vanquished Creatures
  3 adders (D:2)
  2 worms (D:2)
  3 leopard geckos
  4 bats
  3 giant cockroaches
  5 goblins
  6 hobgoblins
  5 jackals (D:2)
  4 kobolds
  5 frilled lizards
  4 rats
44 creatures vanquished.

Notes
Turn   | Place    | Note
-------+----------+-------------------------------------------
     0 | D:1      | IceWhale the Demonspawn Chaos Knight began the quest for the Orb.
     0 | D:1      | Reached XP level 1. HP: 18/18 MP: 1/1
   314 | D:1      | Gained mutation: You have a pair of small antennae on your head. [demonic ancestry]
   314 | D:1      | Reached XP level 2. HP: 24/24 MP: 2/2
   396 | D:1      | XOM: silly message
   910 | D:1      | Reached skill level 1 in Dodging
  1054 | D:1      | XOM: divination: detect creatures
  1305 | D:2      | XOM is BORED!
  1305 | D:2      | XOM: harmless Air miscast
  1405 | D:2      | XOM: divination: magic mapping
  1412 | D:2      | Reached XP level 3. HP: 16/29 MP: 3/3
  2347 | D:2      | XOM: divination: detect creatures
  2354 | D:2      | Gained mutation: You have a pair of antennae on your head. [demonic ancestry]
  2354 | D:2      | Reached XP level 4. HP: 22/36 MP: 4/4
  2445 | D:2      | XOM: butterfly on damage
  2445 | D:2      | XOM: smoke on damage
  2448 | D:2      | XOM: silly message
  2689 | D:2      | XOM: medium Necr miscast
  2996 | D:3      | XOM: noise
  3166 | D:3      | XOM is BORED!
  3166 | D:3      | XOM: medium Tmut miscast
  3167 | D:3      | Gained mutation: Your flesh is heat resistant. (rF+) [mutagenic glow]
  3216 | D:3      | Gained mutation: You are clumsy. (Dex -2) [mutagenic glow]
  3607 | D:3      | XOM: cloud trail
  3958 | D:3      | Quit the game

Vault maps used:
D:1:      giann_horns
D:3:      kennysheep_big_flooded_room, minitemple, grunt_ministairs_1

Skill      XL: |  1  2 |
---------------+-------+-----
Armour         | 2 |  2.3
Long Blades    | 3 |  3.6
Dodging        | 1 |  1.3
Fighting       | |  3.6
Stealth        | |  0.3

Action                   |  1- 3 |  4- 6 || total
-------------------------+-------+-------++-------
Melee: Falchion          |   108 |    26 ||   134
  Use: Scroll            |     3 |       ||     3
       Potion            |     1 |       ||     1
 Stab: Petrified         |       |     9 ||     9
  Eat: Chunk             |     3 |       ||     3
       Bread ration      |     1 |       ||     1
Armor: Leather armour    |    44 |    16 ||    60
Dodge: Dodged            |    66 |    23 ||    89
       Rpst.: Falchion   |    16 |     6 ||    22

Table legend:
 A = Spawn XP
 B = Non-spawn XP
 C = Spawn XP percentage of total XP
 D = Spawn monster count
 E = Non-spawn monster count
 F = Spawn count percentage of total count
 G = Total turns spent on level
                    A         B        C        D         E        F      G
               +---------+---------+-------+---------+---------+-------+---------
         Total |       0 |     115 |   0.0 |       0 |      44 |   0.0 |  3958
               +---------+---------+-------+---------+---------+-------+---------
           D:1 |       0 |      30 |   0.0 |       0 |      18 |   0.0 |  1544
           D:2 |       0 |      85 |   0.0 |       0 |      26 |   0.0 |  1319
               +---------+---------+-------+---------+---------+-------+---------
